 Seeded DCSS version 0.28.0-47-ge53b351184 (webtiles) character file.

Game seed: 523019199727972820 (custom seed)

4353 thiscave3701365 the Cleaver (level 10, -3/129 HPs)
             Began as a Minotaur Berserker on May 9, 2022.
             Was a Priest of Trog.
             Slain by an 11-headed hydra (6 damage)
             ... on level 8 of the Dungeon.
             The game lasted 00:08:25 (11089 turns).

thiscave3701365 the Cleaver (Minotaur Berserker)   Turns: 11089, Time: 00:08:26

Health: -3/129     AC: 19    Str: 26    XL:     10   Next: 12%
Magic:  9/9        EV:  6    Int:  4    God:    Trog [***...]
Gold:   439        SH:  0    Dex: 10    Spells: 9/9 levels left

rFire   . . .      SeeInvis .   h - +3 battleaxe (elec)
rCold   . . .      Faith    .   (shield currently unavailable)
rNeg    . . .      Spirit   .   A - +0 crystal plate armour
rPois   .          Reflect  .   (helmet restricted)
rElec   .          Harm     .   (no cloak)
rCorr   .          Rampage  .   (no gloves)
Will    .....                   (no boots)
Stlth   ..........              x - amulet of regeneration
HPRegen 1.11/turn               (no ring)
MPRegen 0.11/turn               (no ring)

@: berserking, very quick
A: horns 2, retaliatory headbutt
a: Renounce Religion, Berserk, Trog's Hand


You were on level 8 of the Dungeon.
You worshipped Trog.
Trog was most pleased with you.
You visited 1 branch of the dungeon, and saw 8 of its levels.

You collected 439 gold pieces.

Inventory:

Hand Weapons
 h - a +3 battleaxe of electrocution (weapon)
 i - a +0 war axe
Missiles
 k - 2 throwing nets
Armour
 A - a +0 crystal plate armour (worn)
 B - a +0 tower shield
Jewellery
 x - an amulet of regeneration (around neck)
Wands
 t - a wand of polymorph (2)
 u - a wand of paralysis (9)
 y - a wand of flame (23)
Scrolls
 b - 2 scrolls of blinking
 c - a scroll of fog
 e - 3 scrolls of teleportation
 j - 3 scrolls of identify
 o - a scroll of vulnerability
 w - 2 scrolls of summoning
Potions
 a - a potion of cancellation {unknown}
 d - a potion of curing
 f - a potion of berserk rage
 g - a potion of resistance {unknown}
 l - a potion of mutation
 p - a potion of invisibility
 q - 2 potions of might
 s - a potion of heal wounds
 v - a potion of lignification


   Skills:
 + Level 7.6 Fighting
 + Level 13.6 Axes
 + Level 9.2 Armour
 + Level 3.3 Dodging
 + Level 0.6 Stealth
 + Level 0.5 Unarmed Combat


You had 9 spell levels left.
You didn't know any spells.
Your spell library was empty.

Dungeon Overview and Level Annotations

Branches:
Dungeon (8/15)             Temple (0/1) D:4
   Lair: D:8-11

Altars:
Ashenzari
Nemelex Xobeh

Shops:
D:7 *

Annotations:
D:3 3 runed translucent doors, Zeld's ghost, weakling HOMo


Innate Abilities, Weirdness & Mutations

You have a pair of horns on your head.
You reflexively headbutt those who attack you in melee.


Message History

You barely miss the nine-headed hydra.
Your headbutt misses the nine-headed hydra.
The nine-headed hydra is severely wounded.
The nine-headed hydra bites you.
The nine-headed hydra bites you but does no damage.
The nine-headed hydra bites you!
The nine-headed hydra bites you but does no damage.
The nine-headed hydra bites you. x2
The nine-headed hydra barely misses you.
The nine-headed hydra bites you!
* * * LOW HITPOINT WARNING * * *
The nine-headed hydra bites you but does no damage.
You hack one of the nine-headed hydra's heads off!
The eight-headed hydra grows two more!
You hit the ten-headed hydra. You headbutt the ten-headed hydra!
The ten-headed hydra is severely wounded.
The ten-headed hydra bites you!
* * * LOW HITPOINT WARNING * * *
The ten-headed hydra bites you.
* * * LOW HITPOINT WARNING * * *
The ten-headed hydra bites you but does no damage. x2
The ten-headed hydra bites you!
* * * LOW HITPOINT WARNING * * *
The ten-headed hydra bites you but does no damage. x2
The ten-headed hydra bites you.
* * * LOW HITPOINT WARNING * * *
The ten-headed hydra bites you but does no damage. x2
You are too berserk!
You barely miss the ten-headed hydra.
The ten-headed hydra is severely wounded.
You chop one of the ten-headed hydra's heads off!
The nine-headed hydra grows two more!
You slice the 11-headed hydra!!
The 11-headed hydra is almost dead.
The 11-headed hydra bites you but does no damage.
The 11-headed hydra bites you.
* * * LOW HITPOINT WARNING * * *
The 11-headed hydra bites you but does no damage.
The 11-headed hydra completely misses you.
The 11-headed hydra bites you.
You die...

# #..# #.# # #.## #
#..## # ##..## ####
##..## ...########
##..####### #....)....#
##.......#
###.......#####.......#
###.....#.....@.....#
#.....#....(.D....#
#.....#...........#
#.....#...........#
#######...........#
#.....(....$#
#....######## #....


You could see a 11-headed hydra.

Vanquished Creatures
  A two-headed ogre (D:8)
  Grinder (D:5)
  4 yaks (D:8)
  A steam dragon (D:6)
  Menkaure (D:5)
  2 orc warriors
  A black bear (D:8)
  A sky beast (D:7)
  A necrophage (D:6)
  4 ogres
  A centaur (D:8)
  A phantom (D:4)
  2 kobold brigands
  A bullfrog (D:7)
  A wyvern zombie (D:6)
  4 scorpions
  A wyvern skeleton (D:6)
  9 wights
  A howler monkey (D:4)
  A centaur zombie (D:6)
  2 orc priests
  2 gnoll shamans
  A jelly (D:6)
  3 hounds
  5 iguanas
  Ijyb (D:4)
  7 orc wizards
  A hound zombie (D:5)
  A hound skeleton (D:4)
  6 gnolls
  8 adders
  A white imp (D:7)
  An ufetubus (D:5)
  An adder skeleton (D:4)
  3 worms
  A dart slug (D:4)
  22 orcs
  12 endoplasms
  3 giant cockroaches
  4 goblins
  5 hobgoblins
  6 quokkas
  8 ball pythons
  6 bats
  A frilled lizard (D:1)
  15 kobolds
  8 rats
173 creatures vanquished.

Vanquished Creatures (others)
  19 plants (D:5)
19 creatures vanquished.

Grand Total: 192 creatures vanquished

Notes
Turn   | Place    | Note
-------+----------+-------------------------------------------
     0 | D:1      | thiscave3701365 the Minotaur Berserker began the quest for
                  | the Orb.
     0 | D:1      | Reached XP level 1. HP: 19/19 MP: 0/0
   374 | D:1      | Reached XP level 2. HP: 27/27 MP: 1/1
   568 | D:1      | Reached skill level 4 in Axes
   797 | D:1      | Found a faded altar of an unknown god.
  1262 | D:2      | Reached XP level 3. HP: 18/33 MP: 2/2
  1831 | D:2      | Reached ** piety under Trog
  1938 | D:2      | Found a broken altar of Ashenzari.
  1989 | D:2      | Reached skill level 5 in Axes
  2470 | D:3      | Reached XP level 4. HP: 40/40 MP: 3/3
  2736 | D:3      | Found a runed translucent gate.
  2753 | D:3      | Found a runed translucent gate.
  2753 | D:3      | Found a runed translucent gate.
  2786 | D:3      | Noticed Zeld's ghost (weakling HOMo)
  3442 | D:4      | Reached skill level 6 in Axes
  3462 | D:4      | Reached XP level 5. HP: 46/46 MP: 4/4
  3734 | D:4      | Reached skill level 7 in Axes
  3831 | D:4      | Reached XP level 6. HP: 46/52 MP: 5/5
  4197 | D:4      | Reached skill level 8 in Axes
  4324 | D:4      | Noticed Ijyb
  4342 | D:4      | Killed Ijyb
  4797 | D:4      | Found a staircase to the Ecumenical Temple.
  4838 | D:4      | Reached skill level 9 in Axes
  4854 | D:4      | Reached XP level 7. HP: 59/59 MP: 6/6
  5062 | D:5      | Entered Level 5 of the Dungeon
  5062 | D:5      | Noticed Menkaure
  5396 | D:4      | Reached *** piety under Trog
  6999 | D:5      | Killed Menkaure
  7153 | D:5      | Noticed Grinder
  7165 | D:5      | Killed Grinder
  7166 | D:5      | Reached skill level 10 in Axes
  7339 | D:5      | Reached XP level 8. HP: 67/67 MP: 7/7
  7514 | D:5      | Reached skill level 5 in Armour
  8431 | D:6      | Reached skill level 5 in Fighting
  8431 | D:6      | Reached skill level 11 in Axes
  9439 | D:6      | Identified a scroll of acquirement
  9439 | D:6      | Acquired a +3 battleaxe of electrocution
  9520 | D:7      | Reached XP level 9. HP: 74/74 MP: 8/8
  9759 | D:7      | Found a sparkling altar of Nemelex Xobeh.
 10023 | D:7      | Found Poej's Elemental Accessories.
 10204 | D:7      | Reached skill level 12 in Axes
 10462 | D:8      | Noticed a two-headed ogre
 10469 | D:8      | Killed a two-headed ogre
 10679 | D:8      | Reached skill level 13 in Axes
 10966 | D:8      | Reached XP level 10. HP: 58/86 MP: 9/9
 11078 | D:8      | Noticed a seven-headed hydra
 11087 | D:8      | HP: 6/129 [ten-headed hydra (5)]
 11089 | D:8      | Slain by an 11-headed hydra

Illustrated notes

Levels and vault maps discovered:
D:1:      minmay_arrival_floating_metal, layout_loops_corners,
          shapermc_ecumenical_altar_notcrosses, minivault_11
D:2:      layout_basic, basic_altar
D:3:      layout_basic, gammafunk_ghost_icy
D:4:      minmay_chambers_of_twos, layout_loops_cross,
          minmay_temple_entry_fiery, minmay_fractal_squares_5, uniq_ijyb
D:5:      layout_rooms, serial_bayou_lagoon_a, uniq_grinder, uniq_menkaure
D:6:      layout_loops_ring, grunt_decor_fettered, kennysheep_small_circle
D:7:      layout_loops_ring, mainiacjoe_overflow_small_starburst,
          nicolae_elemental_shop
D:8:      layout_rooms

Skill      XL: |  1  2  3  4  5  6  7  8  9 |
---------------+----------------------------+-----
Fighting       | 4 5 7 |  7.6
Axes           | 4 5 6 7 9 10 11 13 | 13.6
Armour         | 4 7 9 |  9.2
Dodging        | 3 |  3.3
Stealth        | |  0.6
Unarmed Combat | |  0.5

Action                   |  1- 3 |  4- 6 |  7- 9 | 10-12 || total
-------------------------+-------+-------+-------+-------++-------
Melee: Hand axe          |    84 |   120 |   132 |       ||   336
       Headbutt          |     6 |    12 |    45 |     4 ||    67
       Punch             |       |     1 |     2 |       ||     3
       Unarmed           |       |    13 |       |       ||    13
       Battleaxe         |       |       |    91 |     9 ||   100
Invok: Berserk           |       |     4 |    14 |     1 ||    19
  Use: Scroll            |       |       |    15 |       ||    15
 Stab: Sleeping          |     1 |       |       |       ||     1
Armor: Animal skin       |    18 |       |       |       ||    18
       Chain mail        |     8 |    48 |    50 |       ||   106
       Crystal plate arm |       |       |    66 |    28 ||    94
Dodge: Dodged            |    45 |    36 |    81 |     8 ||   170
